 Dungeon Crawl Stone Soup version 0.29-a0-322-g68df515428 (webtiles) character file.

Game seed: 5709414830741608461

609 Flugslaktarn the Tainter (level 7, 0/46 HPs)
             Began as a Human Venom Mage on Apr 6, 2022.
             Slain by Crazy Yiuf
             ... wielding a +2 quarterstaff of chaos
              (5 damage)
             ... on level 4 of the Dungeon.
             The game lasted 00:05:39 (4260 turns).

Flugslaktarn the Tainter (Human Venom Mage)         Turns: 4260, Time: 00:05:40

Health: 0/46       AC:  5    Str:  8    XL:     7   Next: 71%
Magic:  1/10       EV: 12    Int: 18    God:
Gold:   223        SH:  0    Dex: 13    Spells: 4/11 levels left

rFire   . . .      SeeInvis .   n - +5 dagger
rCold   . . .      Faith    .   (no shield)
rNeg    . . .      Spirit   .   a - +0 robe
rPois   .          Reflect  .   m - +0 helmet
rElec   .          Harm     .   l - +0 cloak
rCorr   .          Rampage  .   s - +0 pair of gloves
Will    .....                   (no boots)
Stlth   ++........              (no amulet)
HPRegen 0.15/turn               (no ring)
MPRegen 0.12/turn               (no ring)

@: no status effects
A: no striking features
a: no special abilities


You were on level 4 of the Dungeon.
You visited 1 branch of the dungeon, and saw 4 of its levels.

You collected 223 gold pieces.

Inventory:

Hand Weapons
 j - a +1 short sword of speed
   (You took it off a kobold on level 3 of the Dungeon)
 n - a +5 dagger (weapon)
   (You took it off a goblin on level 2 of the Dungeon)
Armour
 a - a +0 robe (worn)
 e - a +0 pair of gloves
   (You found it on level 1 of the Dungeon)
 l - a +0 cloak (worn)
   (You found it on level 2 of the Dungeon)
 m - a +0 helmet (worn)
   (You took it off Robin on level 4 of the Dungeon)
 s - a +0 pair of gloves (worn)
   (You found it on level 3 of the Dungeon)
 t - an orb of wrath
   (You found it on level 2 of the Dungeon)
Wands
 u - a wand of digging (3)
   (You found it on level 3 of the Dungeon)
Scrolls
 d - a scroll of noise {unknown}
 i - a scroll of fog
 k - 2 scrolls of magic mapping
 p - a scroll of immolation
 r - 4 scrolls of identify
Potions
 b - 2 potions of brilliance
 c - 2 potions of flight
 h - a potion of haste
 q - 3 potions of curing


   Skills:
 - Level 2.0 Dodging
 - Level 2.0 Stealth
 - Level 2.5 Spellcasting
 - Level 1.0 Transmutations
 + Level 8.2 Poison Magic


You had 4 spell levels left.
You knew the following spells:

 Your Spells              Type           Power      Damage    Failure   Level
a - Sting                 Tmut/Pois      72%        1d6       2%          1
b - Poisonous Vapours     Pois/Air       34%        N/A       4%          2
c - Olgreb's Toxic Radia  Pois           31%        N/A       6%          4

Your spell library contained the following spells:

 Spells                   Type           Power      Damage    Failure   Level
 Summon Small Mammal      Summ           8%         N/A       17%         1
 Mephitic Cloud           Conj/Pois/Air  12%        N/A       17%         3
 Passwall                 Tmut/Erth      3%         N/A       22%         2
 Ensorcelled Hibernation  Hex/Ice        4%         N/A       26%         2
 Call Canine Familiar     Summ           2%         N/A       45%         3
 Summon Guardian Golem    Hex/Summ       2%         N/A       45%         3
 Swiftness                Air            2%         N/A       45%         3


Dungeon Overview and Level Annotations

Branches:
Dungeon (4/15)
 Temple: D:4-7

Altars:

Shops:
D:4 **

Annotations:
D:4 Crazy Yiuf


Message History

There is an open door here.
A hobgoblin comes into view.
A hobgoblin is nearby!
A hobgoblin is nearby!
The hobgoblin shouts!
The hobgoblin hits you but does no damage.
You hit the hobgoblin.
The hobgoblin is almost dead.
The hobgoblin barely misses you.
Casting: Sting (safe; 2% risk of failure)
Confirm with . or Enter, or press ? or * to list all spells.
Aiming: Sting (safe; 2% risk of failure)
Press: ? - help, Shift-Dir - straight line, f - hobgoblin
Aim: a hobgoblin (almost dead, 74% to hit)
The sting hits the hobgoblin.
The hobgoblin is poisoned.
You kill the hobgoblin!
You see here a hobgoblin corpse.
There is a stone staircase leading down here.
Magic restored.
You see here 19 stones.
You now have 188 gold pieces (gained 15).
There is a shaft here.
Found a mace.
Found a runed translucent door.
Crazy Yiuf shouts!
There is a stone staircase leading up here.
Found a stone staircase leading up.
There is a stone staircase leading down here.
There is a stone staircase leading up here.
Found 21 stones.
You see here 21 stones.
Found 16 stones.
You now have 196 gold pieces (gained 8).
You now have 209 gold pieces (gained 13).
You now have 223 gold pieces (gained 14).
Found Ykutom's General Store.
d - a scroll labelled MOKLUD QERA No target in view!
You open the door.
There is an open door here.
There is an entrance to Ykutom's General Store here.
Unknown command.
There is an open door here.
You see here a +0 flail of draining.
Things that are here:
a +0 dagger; 5 stones You see here a +0 club.
Key pressed, stopping explore.
There is an open door here.
There is an entrance to Kacwuufu's Serpentskin Sales here.
There is an open door here.
You see here a hobgoblin skeleton.
There is a stone staircase leading down here.
You see here 19 stones.
Crazy Yiuf shouts!
Could not explore, unopened runed door.
Could not explore, unopened runed door.
Press: ? - help, v - describe, . - travel
Here: Crazy Yiuf, wielding a +2 quarterstaff of chaos and wearing a +0 cloak (fire blocked by a runed translucent door)
The floor.
Unknown command.
You open the door.
Casting: Sting (safe; 2% risk of failure)
Confirm with . or Enter, or press ? or * to list all spells.
You begin to radiate toxic energy.
Crazy Yiuf is poisoned.
Crazy Yiuf grits, "Dawk!"
Crazy Yiuf hits you with a +2 quarterstaff of chaos.
Crazy Yiuf freezes you.
Unknown command.
Crazy Yiuf looks even sicker.
Your toxic aura wanes.
Casting: Olgreb's Toxic Radiance (dangerous; 6% risk of failure)
Confirm with . or Enter, or press ? or * to list all spells.
You miscast Olgreb's Toxic Radiance.
You are very lightly contaminated with residual magic.
You feel rather nauseous for a moment.
You are poisoned.
You feel sick.
Crazy Yiuf hits you with a +2 quarterstaff of chaos!
You are electrocuted!
You feel sick.
Crazy Yiuf drinks a potion.
Crazy Yiuf suddenly seems more resistant.
You feel sick.
You feel sick.
You are no longer poisoned.
Crazy Yiuf says, "Action!"
Crazy Yiuf screams, "Liver Orb Guardian light!"
Your magical contamination has completely faded away.
Crazy Yiuf yells, "Powder!"
Crazy Yiuf cries, "Cholesterol hand Orb Guardian!"
Crazy Yiuf says, "Hah chair alas!"
Casting: Olgreb's Toxic Radiance (dangerous; 6% risk of failure)
Confirm with . or Enter, or press ? or * to list all spells.
You begin to radiate toxic energy.
Your toxic aura wanes.
You hit Crazy Yiuf but do no damage.
Crazy Yiuf is severely wounded.
Crazy Yiuf hits you with a +2 quarterstaff of chaos!
* * * LOW HITPOINT WARNING * * *
Crazy Yiuf burns you.
You die...

#.....# #.###.# #(# #.# #.#
#.# ### #.# #.#
########.########.# #.#######
#....##...........# #........
#.##.#.#.#.######.# #########
#.##.......g@..<..#######
#..###.#.#.#####........#####
##...###...## #.###.........
#..^.# ##.## #.# #.##.####>
#....# #.## #)# #.##.# ##
♣..P.♣ #..######.###.##.#
♣.PP♣♣ ##.........##.##.#
♣♣.♣♣ #..####....##.##.# ♣.♣♣
#..........#.....#


You could see Crazy Yiuf (resistant).

Vanquished Creatures
  Sigmund (D:3)
  3 water moccasins (D:4)
  A jelly (D:4)
  Robin (D:4)
  3 adders
  A gnoll (D:1)
  A dart slug (D:1)
  5 bats
  2 endoplasms
  4 giant cockroaches
  11 goblins
  8 hobgoblins
  6 kobolds
  A quokka (D:1)
  2 ball pythons
  5 frilled lizards
  6 rats
61 creatures vanquished.

Notes
Turn   | Place    | Note
-------+----------+-------------------------------------------
     0 | D:1      | Flugslaktarn the Human Venom Mage began the quest for the
                  | Orb.
     0 | D:1      | Reached XP level 1. HP: 13/13 MP: 3/3
   294 | D:1      | Found a faded altar of an unknown god.
   310 | D:1      | Reached XP level 2. HP: 10/19 MP: 1/5
   709 | D:1      | Reached skill level 4 in Poison Magic
   709 | D:1      | Reached XP level 3. HP: 12/24 MP: 0/6
  1777 | D:2      | Reached XP level 4. HP: 12/30 MP: 2/7
  2232 | D:2      | Learned a level 2 spell: Poisonous Vapours
  2638 | D:3      | Noticed Sigmund
  2844 | D:3      | Killed Sigmund
  2845 | D:3      | Reached skill level 6 in Poison Magic
  2845 | D:3      | Reached XP level 5. HP: 20/35 MP: 0/8
  2845 | D:3      | Reached XP level 6. HP: 24/41 MP: 0/9
  2985 | D:3      | Learned a level 4 spell: Olgreb's Toxic Radiance
  3212 | D:4      | Noticed Robin
  3296 | D:4      | Killed Robin
  3575 | D:4      | Noticed a water moccasin
  3578 | D:4      | Noticed a water moccasin
  3593 | D:4      | Noticed a water moccasin
  3599 | D:4      | Killed a water moccasin
  3600 | D:4      | Reached skill level 7 in Poison Magic
  3600 | D:4      | Reached XP level 7. HP: 30/46 MP: 3/10
  3604 | D:4      | Killed a water moccasin
  3612 | D:4      | Killed a water moccasin
  3613 | D:4      | Reached skill level 8 in Poison Magic
  3791 | D:4      | Found Kacwuufu's Serpentskin Sales.
  3890 | D:4      | Found a runed translucent door.
  3891 | D:4      | Noticed Crazy Yiuf
  4060 | D:4      | Found Ykutom's General Store.
  4260 | D:4      | Slain by Crazy Yiuf

Illustrated notes

Levels and vault maps discovered:
D:1:      amcnicky_arrival_underground_garden, layout_loops_cross,
          ebering_ecumenical_altar_webs, grunt_decor_fettered
D:2:      layout_basic
D:3:      layout_loops_ring, uniq_sigmund
D:4:      layout_loops_ring, serial_shops, nicolae_shop_window_shopping,
          hex_tiny, guppyfry_shop_venom, uniq_crazy_yiuf_cottage, uniq_robin

Skill      XL: |  1  2  3  4  5  6  7 |
---------------+----------------------+-----
Poison Magic   | 4 6 7 8 |  8.2
Dodging        | |  2.0
Stealth        | |  2.0
Spellcasting   | |  2.5
Transmutations | |  1.0

Action                   |  1- 3 |  4- 6 |  7- 9 || total
-------------------------+-------+-------+-------++-------
Melee: Unarmed           |    17 |       |       ||    17
       Dagger            |       |    28 |    12 ||    40
 Cast: Sting             |    61 |    42 |     4 ||   107
       Poisonous Vapours |       |     5 |       ||     5
       Olgreb's Toxic Ra |       |     1 |     2 ||     3
  Use: Scroll            |       |     6 |       ||     6
       Potion            |       |    10 |       ||    10
 Stab: Sleeping          |       |     2 |       ||     2
Armor: Robe              |    17 |    21 |     4 ||    42
Dodge: Dodged            |    37 |    41 |    11 ||    89

Table legend: (Time is in decaauts)
 A = Elapsed time spent in this place.
 B = Non-inter-level travel time spent in this place.
 C = Inter-level travel time spent in this place.
 D = Time resting spent in this place.
 E = Time spent auto-exploring this place.
 F = Levels seen in this place.
 G = Mean time per level.
                   A        B        C        D        E       F      G
               +--------+--------+--------+--------+--------+-----+--------+
         Total |   4247 |   4052 |    195 |   1203 |   2155 |   4 | 1061.8 |
       Dungeon |   4247 |   4052 |    195 |   1203 |   2155 |   4 | 1061.8 |
               +--------+--------+--------+--------+--------+-----+--------+

Top non-repeatable levels by time:
     D:1: 1504 daAuts
     D:4: 984 daAuts
     D:3: 930 daAuts
     D:2: 827 daAuts
